 Dungeon Crawl Stone Soup version 0.26-a0-665-gefeb406119 (console) character file.

Game seed: 13699169130979107832

389 om the Ruffian (level 6, 0/61 HPs)
             Began as a Troll Fighter on Oct 13, 2020.
             Slain by an orc
             ... wielding the cursed +2 dagger "Govog" {flame, +Blink SInv}
              (1 damage)
             ... on level 3 of the Dungeon.
             The game lasted 00:05:05 (2566 turns).

om the Ruffian (Troll Fighter)                      Turns: 2566, Time: 00:05:07

Health: 0/61       AC:  6    Str: 26    XL:     6   Next: 49%
Magic:  5/5        EV:  9    Int:  4    God:
Gold:   145        SH:  9    Dex: 10    Spells: 5/5 levels left

rFire    . . .     SeeInvis .     - Unarmed
rCold    . . .     Faith    .   b - +0 kite shield
rNeg     . . .     Spirit   .   a - +0 robe
rPois    .         Reflect  .   (helmet restricted)
rElec    .         Harm     .   (no cloak)
rCorr    .         Rampage  .   (gloves unavailable)
MR       .....                  (boots unavailable)
Stlth    +.........             (no amulet)
HPRegen  0.60/turn              (no ring)
MPRegen  0.09/turn              (no ring)

@: mighty
A: large, unfitting armour, claws 3, regeneration 1, shaggy fur 1, tough skin 3
a: no special abilities


You were on level 3 of the Dungeon.
You visited 1 branch of the dungeon, and saw 3 of its levels.

You collected 145 gold pieces.

Inventory:

Armour
 a - a +0 robe (worn)
 b - a +0 kite shield (worn)
Jewellery
 f - an uncursed amulet of regeneration {unknown}
Scrolls
 d - 5 scrolls of remove curse {unknown}
 h - 4 scrolls of immolation {unknown}
 j - 2 scrolls of identify {unknown}
 k - a scroll of enchant armour {unknown}
 l - 2 scrolls of teleportation {unknown}
 n - a scroll of noise {unknown}
 r - a scroll of random uselessness {unknown}
Potions
 e - a potion of curing {unknown}
 g - 3 potions of degeneration {unknown}
 i - a potion of flight {unknown}
 m - a potion of mutation {unknown}
 o - a potion of brilliance {unknown}
 p - 3 potions of heal wounds {unknown}
 q - a potion of berserk rage {unknown}


   Skills:
 + Level 3.3 Fighting
 + Level 2.0 Armour
 + Level 3.2 Dodging
 + Level 3.3 Shields
 * Level 4.2 Unarmed Combat


You had 5 spell levels left.
You didn't know any spells.
Your spell library was empty.

Dungeon Overview and Level Annotations

Branches:
Dungeon (3/15)

Altars:
Beogh

Annotations:
D:3 2 transporters


Innate Abilities, Weirdness & Mutations

You are too large for most types of armour.
You have claws for hands.
Your natural rate of healing is unusually fast.
You are covered in fur. (AC +1)
You have extremely tough skin. (AC +3)


Message History

You claw the orc!
You kill the orc!
You block the orc's attack. The orc hits you but does no damage.
You closely miss the orc. The orc hits you but does no damage. x2
You scratch the orc.
The orc is lightly wounded.
You block the orc's attack.
You claw the orc!
You kill the orc!
The orc barely misses you.
You scratch the orc.
The orc is heavily wounded.
The orc hits you with the cursed +2 dagger "Govog" {flame, +Blink SInv}.
* * * LOW HITPOINT WARNING * * *
The orc burns you.
* * * LOW HITPOINT WARNING * * *
The orc hits you with the cursed +2 dagger "Govog" {flame, +Blink SInv}.
* * * LOW HITPOINT WARNING * * *
The orc burns you.
You die...

#.#####..)...#.#######.# #.
#.....)...#.)...))...#.# #.
#..###################.# #.
#..#8....._[....8#...#.# ##
#..#.............#.#.#.# #
#..#.#8#..8..#8#.#.#.#.# #
#..#.###.....###.###.#.####
####....#####....#.#.......
#.............#.####.###
#######)o)######......#
#8..)...@).....8.###..#
###.#..#.#.##.....##..#
#.#......##.##..#..)#
#.##.###........#..##
#.....##.##.###.#..#
##################.##.##..#..#
................##.##.##.##..#
###############.##.##.##.....#
#8P#5oo....#P8#.##).......##.#
#P.#≈≈≈≈≈≈≈#.P#.##÷..#.......#
#..#..≈≈≈..#.$#...)..#......##


You could see an orc.

Vanquished Creatures
  The ghost of ALWAYSlose the Slasher, an amateur DsGl (D:3)
  A hound (D:3)
  2 orc priests (D:3)
  Terence (D:2)
  5 adders
  An ooze (D:1)
  An adder skeleton (D:3)
  A dart slug (D:2)
  3 leopard geckos
  21 orcs (D:3)
  2 ball pythons
  10 bats
  5 giant cockroaches
  12 goblins
  6 hobgoblins
  19 jackals
  8 kobolds
  2 quokkas
  7 frilled lizards
  8 rats
116 creatures vanquished.

Notes
Turn   | Place    | Note
-------+----------+-------------------------------------------
     0 | D:1      | om the Troll Fighter began the quest for the Orb.
     0 | D:1      | Reached XP level 1. HP: 22/22 MP: 0/0
    45 | D:1      | Reached XP level 2. HP: 29/29 MP: 1/1
   292 | D:1      | Reached XP level 3. HP: 36/36 MP: 2/2
   891 | D:2      | Noticed Terence
   905 | D:2      | Killed Terence
   905 | D:2      | Reached skill level 1 in Armour
   905 | D:2      | Reached skill level 3 in Unarmed Combat
   905 | D:2      | Reached XP level 4. HP: 23/44 MP: 3/3
  1607 | D:3      | Reached XP level 5. HP: 21/53 MP: 4/4
  2041 | D:3      | Reached XP level 6. HP: 25/61 MP: 5/5
  2128 | D:3      | Found a transporter.
  2145 | D:3      | Found a transporter.
  2217 | D:3      | Found a runed translucent gate.
  2222 | D:3      | Found a runed translucent gate.
  2222 | D:3      | Noticed ALWAYSlose's ghost (amateur DsGl)
  2224 | D:3      | Found a runed translucent gate.
  2232 | D:3      | Identified the cursed +2 dagger "Govog" {flame, +Blink
                  | SInv}
  2233 | D:3      | Found a roughly hewn altar of Beogh.
  2561 | D:3      | Killed ALWAYSlose's ghost
  2561 | D:3      | Reached skill level 4 in Unarmed Combat
  2566 | D:3      | HP: 3/61 [orc/the cursed +2 dagger "Govog" {flame, +Blink
                  | SInv} (2)]
  2566 | D:3      | HP: 1/61 [orc/the cursed +2 dagger "Govog" {flame, +Blink
                  | SInv} (2)]
  2566 | D:3      | Slain by an orc

Illustrated notes

Levels and vault maps discovered:
D:1:      tarquinn_simple_flora_water_b, layout_basic
D:2:      layout_basic, uniq_terence
D:3:      gammafunk_wand_slinger, layout_basic, biasface_ghost_orc_armoury

Skill      XL: |  1  2  3  4  5  6 |
---------------+-------------------+-----
Armour         | 1 2 |  2.0
Unarmed Combat | 3 4 |  4.2
Fighting       | 3 |  3.3
Dodging        | 3 |  3.2
Shields        | 3 |  3.3

Action                   |  1- 3 |  4- 6 || total
-------------------------+-------+-------++-------
Melee: Unarmed           |   144 |   194 ||   338
  Use: Potion            |       |     1 ||     1
Armor: Robe              |    69 |    63 ||   132
Dodge: Dodged            |    45 |    76 ||   121
Block: Kite shield       |    78 |   109 ||   187

Table legend: (Time is in decaauts)
 A = Elapsed time spent in this place.
 B = Non-inter-level travel time spent in this place.
 C = Inter-level travel time spent in this place.
 D = Time resting spent in this place.
 E = Time spent auto-exploring this place.
 F = Levels seen in this place.
 G = Mean time per level.
                   A        B        C        D        E       F      G
               +--------+--------+--------+--------+--------+-----+--------+
         Total |   2570 |   2562 |      8 |    180 |   1691 |   3 |  856.7 |
       Dungeon |   2570 |   2562 |      8 |    180 |   1691 |   3 |  856.7 |
               +--------+--------+--------+--------+--------+-----+--------+

Top non-repeatable levels by time:
     D:3: 983 daAuts
     D:1: 885 daAuts
     D:2: 700 daAuts
